AoeStats
← Cyborg Ninja Guardia Sivil

Arabia

510343089Analyzed
1v1 RM · 1d ago on Sep 30, 2026· 41m 5s· 2 players
Game mode
Random Map
Map size
Tiny (2 player)
Population
200
Speed
Normal
Resources
Standard
Victory
Conquest
Starting age
Dark Age
Ending age
Imperial Age
RankedLock teamsTeams togetherTeam positionsShared explorationLock speedFull tech treeHidden civsTurbo modeCheats
Victory
Defeat
🇪🇸 Franks · Spain
1048
+16
1046
-16
Cyborg Ninja Guardia Sivil
8:26 Loom
11:59 Feudal Age
17:24 Wheelbarrow
20:05 Castle Age
19:01 Double-Bit Axe
21:11 Hand Cart
21:00 Stone Mining
21:48 Husbandry
25:27 Scale Barding Armor
28:29 Horse Collar
32:13 Forging
38:29 Gold Mining
38:31 Fletching
41:41 Imperial Age
41:21 Bodkin Arrow
(PNG) General_gabriel
7:12 Loom
9:30 Feudal Age
10:09 Double-Bit Axe
19:46 Castle Age
18:33 Scale Barding Armor
18:42 Gold Mining
19:37 Forging
20:40 Stone Mining
21:34 Bow Saw
23:50 Chain Barding Armor
24:17 Wheelbarrow
24:06 Pikeman
26:00 Iron Casting
25:38 Town Watch
29:21 Fletching
30:46 Hand Cart
33:30 Gold Shaft Mining
35:42 Imperial Age
34:02 Scale Mail Armor
33:58 Bodkin Arrow
34:06 Scale Mail Armor
34:39 Gambesons
34:55 Squires
34:40 Arson
35:23 Town Patrol
35:38 Husbandry
36:10 Masonry
36:18 Chain Mail Armor
35:37 Ordonnance Companies
37:41 Blast Furnace
37:54 Plate Barding Armor
37:57 Plate Mail Armor
37:05 Cavalier
37:21 Halberdier
39:05 Conscription
41:28 Chemistry
41:34 Plate Barding Armor
41:28 Ballistics
Connection lost

Rejoining the realm…

Still unreachable

The connection could not be restored.

Session expired

The server has moved on; the page needs a fresh start.